 Dungeon Crawl Stone Soup version 0.24-a0-458-gfcb5e6d (webtiles) character file.

Game seed: 9539829443693830536

3259 pkoi the Bludgeoner (level 9, 0/70 HPs)
             Began as a Minotaur Fighter on June 27, 2019.
             Was a Believer of Ru.
             Slain by a gnoll
             ... wielding a +2 halberd of electrocution
              (10 damage)
             ... in a bailey.
             The game lasted 00:11:38 (7433 turns).

pkoi the Bludgeoner (Minotaur Fighter)              Turns: 7433, Time: 00:11:40

Health: 0/70       AC:  9    Str: 28    XL:     9   Next: 68%
Magic:  8/8        EV:  7    Int:  5    God:    Ru [**....]
Gold:   128        SH: 10    Dex: 11    Spells: 8/8 levels left

rFire    . . .     SeeInvis .   i - +2 whip (freeze)
rCold    + . .     Gourm    .   c - +0 shield
rNeg     . . .     Faith    .   b - +0 scale mail
rPois    .         Spirit   .   (helmet restricted)
rElec    .         Reflect  .   p - +1 cloak
rCorr    .         Harm     .   (no gloves)
MR       .....                  (no boots)
Stlth    ..........             (no amulet)
HPRegen  0.21/turn              d - ring of protection from cold
MPRegen  0.11/turn              (no ring)

@: mighty
A: retaliatory headbutt, horns 2, inability to use devices
a: Renounce Religion


You were in a bailey.
You worshipped Ru.
Ru was pleased with you.
You were hungry.

You visited 2 branches of the dungeon, and saw 9 of its levels.
You also visited: Bailey.

You collected 338 gold pieces.
You spent 210 gold pieces at shops.

Inventory:

Hand Weapons
 a - a +0 flail
 i - a +2 whip of freezing (weapon)
Missiles
 t - 45 boomerangs (quivered)
Armour
 b - a +0 scale mail (worn)
 c - a +0 shield (worn)
 p - a +1 cloak (worn)
Jewellery
 d - a ring of protection from cold (left hand)
Scrolls
 e - 3 scrolls of remove curse
 g - a scroll of amnesia
 h - a scroll of fear
 j - 3 scrolls of teleportation
 k - a scroll of enchant weapon
 l - 6 scrolls of identify
Potions
 m - a potion of brilliance
 q - a potion of haste
 s - a potion of might
 u - 6 potions of heal wounds
Comestibles
 f - 8 rations
 n - 9 chunks of flesh


   Skills:
 - Level 3.6 Fighting
 + Level 15.5 Maces & Flails
 - Level 3.6 Armour
 - Level 3.6 Shields


You had 8 spell levels left.
You didn't know any spells.
Your spell library contained the following spells:

 Spells                   Type           Power        Failure   Level  Hunger
 Confusing Touch          Hex            #.....       99%         1    ##.....
 Confuse                  Hex            #.......     100%        3    ####...
 Gell's Gravitas          Tloc           #.........   100%        3    ####...
 Petrify                  Tmut/Erth      #.......     100%        4    #####..
 Metabolic Englaciation   Hex/Ice        #.........   100%        5    ######.
 Yara's Violent Unravell  Hex/Tmut       #.........   100%        5    ######.


Dungeon Overview and Level Annotations

Branches:
Dungeon (8/15)             Temple (1/1) D:5
   Lair: D:8-11

Altars:
Cheibriados
Dithmenos
Elyvilon
Fedhas
Gozag
Hepliaklqana
Kikubaaqudgha
Nemelex Xobeh
Okawaru
Qazlal
Ru
Sif Muna
Trog
Wu Jian
Xom
The Shining One
Lugonu

Shops:
D:7 !   D:8 }


Innate Abilities, Weirdness & Mutations

You reflexively headbutt those who attack you in melee.
You have a pair of horns on your head.
You cannot study or use magical devices.


Message History

You hit the gnoll. You freeze the gnoll.
The gnoll is heavily wounded.
You block the orc warrior's attack. The gnoll hits you with a +0 halberd.
* * * LOW HITPOINT WARNING * * *
You barely miss the gnoll. Your headbutt misses the gnoll.
The gnoll is heavily wounded.
You closely miss the gnoll.
The gnoll is heavily wounded.
You block the orc warrior's attack. The gnoll hits you with a +0 halberd.
* * * LOW HITPOINT WARNING * * *
You whack the gnoll! You freeze the gnoll.
You kill the gnoll!
You are feeling hungry.
The orc warrior closely misses you.
The gnoll hits you from afar with a +0 halberd.
* * * LOW HITPOINT WARNING * * *
The gnoll hits you from afar with a +2 halberd of electrocution.
* * * LOW HITPOINT WARNING * * *
You are electrocuted!
You die...

## ## '.# #. #
#'##'##' #.....#
###.....##
#.'..⌠..' #....g#
K# #...go## '#
#'##'##@## g#g# #
##(# ### #### ###
#(# # #.###)#.#
#.###(#
'##'##'###'##'##'##
#.....## #.....##
#.....#####.....###
'..∩..'.#.'..⌠..'.#
#.†...#####.....###


You could see an orc warrior and 2 gnolls.

Vanquished Creatures
  Pikel (D:4)
  Grinder (D:3)
  2 orc warriors (D:7)
  2 sky beasts
  2 slaves (D:4)
  2 ice beasts
  2 phantoms (D:6)
  An ogre (D:3)
  A centaur (D:6)
  A big kobold (D:8)
  A wyvern zombie (D:7)
  4 bullfrogs
  2 scorpions
  6 killer bees (D:7)
  A crimson imp (D:6)
  A jelly (D:6)
  A centaur zombie (D:6)
  3 centaur skeletons
  4 orc priests
  2 hounds
  Crazy Yiuf (D:3)
  3 iguanas
  3 worker ants
  A hound zombie (D:7)
  A hound skeleton (D:4)
  2 worker ant zombies
  15 gnolls
  9 adders
  2 shadow imps
  2 oozes
  An adder skeleton (D:5)
  A worm (D:3)
  4 dart slugs
  4 leopard geckos
  23 orcs
  7 bats
  7 giant cockroaches
  15 goblins
  9 hobgoblins
  19 kobolds
  4 quokkas
  5 frilled lizards
  A giant cockroach zombie (D:6)
  A jackal zombie (D:5)
  A leopard gecko skeleton (D:4)
  A quokka skeleton (D:7)
  A quokka zombie (D:7)
  6 rats
189 creatures vanquished.

Notes
Turn   | Place    | Note
-------+----------+-------------------------------------------
     0 | D:1      | pkoi the Minotaur Fighter began the quest for the Orb.
     0 | D:1      | Reached XP level 1. HP: 19/19 MP: 0/0
   106 | D:1      | Reached skill level 3 in Maces & Flails
   124 | D:1      | You fall into a shaft and drop 1 floor!
   125 | D:2      | Reached XP level 2. HP: 21/26 MP: 1/1
   135 | D:2      | Reached skill level 4 in Maces & Flails
   339 | D:2      | Reached XP level 3. HP: 31/31 MP: 2/2
   519 | D:2      | Found an ancient bone altar of Kikubaaqudgha.
   767 | D:2      | Found a blossoming altar of Fedhas.
  1196 | D:3      | Reached skill level 5 in Maces & Flails
  1196 | D:3      | Reached XP level 4. HP: 34/39 MP: 3/3
  1332 | D:3      | Noticed Grinder
  1340 | D:3      | Killed Grinder
  1340 | D:3      | Reached skill level 7 in Maces & Flails
  1340 | D:3      | Reached XP level 5. HP: 24/45 MP: 4/4
  1340 | D:3      | Reached XP level 6. HP: 27/51 MP: 5/5
  1481 | D:3      | Found an opulent altar of Gozag.
  1551 | D:3      | Reached skill level 8 in Maces & Flails
  1680 | D:3      | Found a runed translucent door.
  1681 | D:3      | Noticed Crazy Yiuf
  2035 | D:3      | Killed Crazy Yiuf
  2246 | D:4      | Reached skill level 9 in Maces & Flails
  2350 | D:4      | Reached XP level 7. HP: 50/57 MP: 6/6
  2982 | D:5      | Entered Level 5 of the Dungeon
  2982 | D:5      | Noticed Pikel
  3192 | D:5      | Reached skill level 10 in Maces & Flails
  3207 | D:5      | Found a snail-covered altar of Cheibriados.
  3696 | D:4      | Killed Pikel
  3696 | D:4      | Reached skill level 12 in Maces & Flails
  3696 | D:4      | Reached XP level 8. HP: 33/64 MP: 7/7
  4073 | D:5      | Found a staircase to the Ecumenical Temple.
  4079 | Temple   | Entered the Ecumenical Temple
  4202 | Temple   | Became a worshipper of Ru the Awakened
  4620 | D:6      | Reached skill level 13 in Maces & Flails
  4628 | D:6      | Found a stormy altar of Qazlal.
  4677 | D:6      | Found a glowing golden altar of the Shining One.
  4677 | D:6      | Found a white marble altar of Elyvilon.
  4797 | D:6      | Reached XP level 9. HP: 59/70 MP: 8/8
  5343 | D:7      | Reached skill level 14 in Maces & Flails
  5405 | D:7      | Found a shimmering altar of Xom.
  5416 | D:7      | Gained mutation: You cannot study or use magical devices.
                  | [Ru sacrifice]
  5416 | D:7      | Reached * piety under Ru
  5416 | D:7      | Reached ** piety under Ru
  6179 | D:7      | Found Mupeutuv's Distillery.
  6183 | D:7      | Bought a potion of heal wounds for 75 gold pieces
  6183 | D:7      | Bought a potion of degeneration for 15 gold pieces
  6183 | D:7      | Bought a potion of mutation for 120 gold pieces
  6329 | D:7      | Found a deep blue altar of Sif Muna.
  6530 | D:7      | Reached skill level 15 in Maces & Flails
  6832 | D:8      | Found Iddeniuf's Gadget Shoppe.
  6911 | D:8      | Found a flagged portal.
  7246 | Bailey   | Entered a bailey
  7433 | Bailey   | Slain by a gnoll

Levels and vault maps discovered:
D:1:      roderic_dead_forest, layout_basic
D:2:      layout_loops_ring, kiku_gazebo_garden_becter, fedhas_altar_4
D:3:      layout_loops_ring, nicolae_overflow_hidden_temple, uniq_grinder,
          uniq_crazy_yiuf_cottage
D:4:      layout_loops_ring, first_ration
D:5:      layout_cave_pools, lemuel_doored_altar,
          minmay_temple_entry_gardened_gates, uniq_pikel
D:6:      layout_cave_pods, nicolae_overflow_crystal_walls,
          gammafunk_temple_overflow_statue, dk_rats_in_the_wall
D:7:      layout_basic, kennysheep_little_box, old_standard_altar, serial_shops,
          shop
D:8:      layout_loops_ring, lightli_bailey_entry_fortress, serial_shops,
          nicolae_shop_stone, hangedman_pestilent_swarm
Temple:   corrupted_temple
Bailey:   bailey_axe_2, bailey

Skill      XL: |  1  2  3  4  5  6  7  8  9 |
---------------+----------------------------+-----
Maces & Flails | 3 4 5 7 9 12 13 15 | 15.5
Fighting       | |  3.6
Armour         | |  3.6
Shields        | |  3.6

Action                   |  1- 3 |  4- 6 |  7- 9 || total
-------------------------+-------+-------+-------++-------
Melee: Flail             |    69 |    69 |   117 ||   255
       Headbutt          |    15 |    16 |    73 ||   104
       Whip              |       |       |   353 ||   353
Invok: Sacrifice Artific |       |       |     1 ||     1
  Use: Potion            |       |     1 |    11 ||    12
       Scroll            |       |       |     9 ||     9
 Stab: Distracted        |       |       |     1 ||     1
  Eat: Chunk             |     1 |     4 |    12 ||    17
       Ration            |       |       |     1 ||     1
Armor: Scale mail        |    29 |    23 |   131 ||   183
Dodge: Dodged            |    24 |    25 |    76 ||   125
Block: Shield            |    31 |    32 |   188 ||   251

Table legend:
 A = Non-vault XP
 B = Vault XP
 C = Vault XP percentage of total XP
 D = Non-vault monster count
 E = Vault monster count
 F = Vault count percentage of total count
                 A         B        C        D         E       F
            +---------+---------+-------+---------+---------+-------
      Total |    3481 |    1176 |  25.3 |     152 |      35 |  18.7
            +---------+---------+-------+---------+---------+-------
        D:1 |      16 |       0 |   0.0 |       9 |       0 |   0.0
        D:2 |      58 |       0 |   0.0 |      22 |       0 |   0.0
        D:3 |     252 |     316 |  55.6 |      26 |       2 |   7.1
        D:4 |     401 |     663 |  62.3 |      21 |       1 |   4.5
        D:5 |     327 |       0 |   0.0 |      15 |       0 |   0.0
        D:6 |     967 |       0 |   0.0 |      21 |       0 |   0.0
        D:7 |    1131 |       0 |   0.0 |      26 |       0 |   0.0
        D:8 |     329 |      70 |  17.5 |      12 |       9 |  42.9
     Bailey |       0 |     127 | 100.0 |       0 |      23 | 100.0
            +---------+---------+-------+---------+---------+-------
